 Dungeon Crawl Stone Soup version 0.21-a0-216-g6d3fd91 (webtiles) character file.

5 MackTheKnife the Cutter (level 1, -2/16 HPs)
             Began as a Vine Stalker Berserker on Aug 23, 2017.
             Was a Follower of Trog.
             Killed from afar by a dart slug (7 damage)
             ... with a slug dart
             ... on level 1 of the Dungeon.
             The game lasted 00:00:29 (240 turns).

MackTheKnife the Cutter (Vine Stalker Berserker)     Turns: 240, Time: 00:00:30

Health: -2/16      AC:  0    Str: 24    XL:     1   Next: 80%
Magic:  0/2        EV: 12    Int:  7    God:    Trog [*.....]
Gold:   15         SH:  0    Dex: 13    Spells: 0/0 levels left

rFire    . . .     SeeInvis .   a - +0 short sword
rCold    . . .     Gourm    .   (no shield)
rNeg     . . .     Faith    .   b - +1 animal skin
rPois    .         Spirit   +   (no helmet)
rElec    .         Reflect  .   (no cloak)
rCorr    .         Harm     .   (no gloves)
MR       .....                  h - +0 pair of boots
Stlth    ..........             (no amulet)
HPRegen  0.05/turn              j - -5 ring of protection (curse)
MPRegen  0.08/turn              (no ring)

@: berserking, very quick
A: fangs 2, magic shield, antimagic bite, no potion heal 3, rot immunity
a: Berserk, Burn Spellbooks, Renounce Religion


You were on level 1 of the Dungeon.
You worshipped Trog.
Trog was aware of your devotion.
You were not hungry.

You visited 1 branch of the dungeon, and saw 1 of its levels.

You collected 15 gold pieces.

Inventory:

Hand Weapons
 a - a +0 short sword (weapon)
Armour
 b - a +1 animal skin (worn)
 h - a +0 pair of boots (worn)
   (You found it on level 1 of the Dungeon)
Jewellery
 j - a cursed -5 ring of protection (left hand)
   (You found it on level 1 of the Dungeon)
Scrolls
 d - a scroll of identify
 e - a scroll of magic mapping {!r}
Potions
 g - a potion of curing {unknown}
Comestibles
 c - a bread ration {@e1}
 f - a royal jelly


   Skills:
 - Level 2.6 Fighting
 + Level 3.1 Short Blades
 - Level 1.5 Armour
 - Level 1.5 Dodging


You couldn't memorise any spells.
You didn't know any spells.

Dungeon Overview and Level Annotations

Branches:
Dungeon (1/15)

Altars:


Innate Abilities, Weirdness & Mutations

You have extremely sharp teeth.
When hurt, damage is shared between your health and your magic reserves.
Your bite disrupts and absorbs the magic of your enemies.
Potions cannot restore your health.
You are immune to rotting.


Message History

You continue putting on your pair of boots. x4
You finish putting on your +0 pair of boots.
Wield which item (- for none, * to show all)? (? for menu, Esc to quit)
Okay, then.
Wear which item? (? for menu, Esc to quit)
Okay, then.
You aren't carrying any pieces of jewellery.
Unknown command.
You see here a dagger.
You now have 15 gold pieces.
i - a scroll labeled JAPUWUTEEN A giant cockroach comes into view.
A giant cockroach is nearby!
A giant cockroach is nearby!
A giant cockroach is nearby!
You hit the giant cockroach but do no damage.
The giant cockroach bites you.
You take 1 damage, and have 10/11 hp.
You barely miss the giant cockroach. Your bite misses the giant cockroach.
The giant cockroach closely misses you. x2
You hit the giant cockroach. The giant cockroach misses you.
A giant cockroach is nearby!
A giant cockroach is nearby!
You hit the giant cockroach but do no damage.
You bite the giant cockroach, but do no damage.
The giant cockroach closely misses you.
You hit the giant cockroach.
You kill the giant cockroach!
Trog accepts your kill.
A rat comes into view.
Health restored: 11 The rat twitches its whiskers.
A rat is nearby!
The rat closely misses you.
You completely miss the rat. Your bite misses the rat.
The rat barely misses you.
You hit the rat.
You kill the rat!
Trog accepts your kill.
Your Short Blades skill increases to level 3!
A rat comes into view.
A rat is nearby!
The rat closely misses you.
A rat is nearby!
You hit the rat.
You kill the rat!
Trog accepts your kill.
No target in view!
No target in view!
A bat comes into view.
The bat completely misses you.
A bat is nearby!
You barely miss the bat. The bat hits you but does no damage. x3
You hit the bat.
You kill the bat!
Trog accepts your kill.
No target in view!
No target in view!
You see here a bat corpse.
j - a wooden ring Put on which piece of jewellery? (? for menu, Esc to quit)
Oops, that ring feels deathly cold.
j - a cursed -5 ring of protection (left hand)
As you read the scroll labeled POJAOM LACI, it crumbles to dust.
It is a scroll of identify.
e - a scroll of magic mapping
As you read the scroll labeled JAPUWUTEEN, it crumbles to dust.
It is a scroll of enchant armour.
Your +0 animal skin glows green for a moment.
Okay, then.
A bat comes into view.
A bat is nearby!
A bat is nearby!
A bat is nearby!
A bat is nearby!
A dart slug comes into view.
The bat hits you.
You take 1 damage, and have 10/11 hp.
You closely miss the bat. You bite the bat, but do no damage. The bat hits you.
You take 1 damage, and have 9/11 hp.
There are monsters nearby!
You miss the bat. The bat hits you. The bat closely misses you.
The dart slug launches a dart at you. The slug dart hits you!
You take 3 damage, and have 6/11 hp.
MASSIVE DAMAGE!!
You now have 1/2 mp.
You are too injured to fight recklessly!
You are too injured to fight recklessly!
You barely miss the bat. Your bite misses the bat. The bat hits you.
You take 1 damage, and have 5/11 hp.
The bat misses you. The bat hits you.
You take 1 damage, and have 4/11 hp.
A red film seems to cover your vision as you go berserk!
You feel yourself moving faster!
You feel mighty!
You feel a lot more hungry. The bat hits you.
The dart slug launches a dart at you. The slug dart hits you!
You die...

# #####
#####.##$..#######
...w...@.#...†...#######
............####........
......b......# #..######
..###.#####(.# #.†# . #.
........( #. ........##
# #..####.## #..# ..#
###


You could see a dart slug and a bat.

Vanquished Creatures
  A giant cockroach (D:1)
  A goblin (D:1)
  2 bats (D:1)
  2 rats (D:1)
6 creatures vanquished.

Notes
Turn   | Place    | Note
-------+----------+-------------------------------------------
     0 | D:1      | MackTheKnife the Vine Stalker Berserker began the quest for the Orb.
     0 | D:1      | Reached XP level 1. HP: 11/11 MP: 2/2
   216 | D:1      | Reached skill level 3 in Short Blades
   240 | D:1      | Killed from afar by a dart slug

Vault maps used:
D:1:      tarquinn_simple_flora_water_d

Skill      XL: |  1 |
---------------+----+-----
Short Blades   | 3 |  3.1
Fighting       | |  2.6
Armour         | |  1.5
Dodging        | |  1.5

Action                   || total
-------------------------++-------
Melee: Short sword       ||    15
       Bite              ||     2
Invok: Berserk           ||     1
  Use: Scroll            ||     2
 Stab: Sleeping          ||     1
Armor: Animal skin       ||     3
Dodge: Dodged            ||    10

Table legend:
 A = Spawn XP
 B = Non-spawn XP
 C = Spawn XP percentage of total XP
 D = Spawn monster count
 E = Non-spawn monster count
 F = Spawn count percentage of total count
 G = Total turns spent on level
                    A         B        C        D         E        F      G
               +---------+---------+-------+---------+---------+-------+---------
         Total |       0 |       8 |   0.0 |       0 |       6 |   0.0 |   240
               +---------+---------+-------+---------+---------+-------+---------
           D:1 |       0 |       8 |   0.0 |       0 |       6 |   0.0 |   240
               +---------+---------+-------+---------+---------+-------+---------

Vault maps used:
D:1:      tarquinn_simple_flora_water_d

Table legend:
 A = Turns spent in this place as a percentage of turns spent in the entire game.
 B = Non-inter-level travel turns spent in this place as a percentage of non-inter-level travel turns spent in the entire game.
 C = Inter-level travel turns spent in this place as a percentage of turns spent in this place.
 D = Turns resting spent in this place as a percentage of non-inter-level travel turns spent in this place.
 E = Turns spent auto-exploring this place as a percentage of non-inter-level travel turns spent in this place.
 F = Non-inter-level travel turns spent in this place divided by the number of levels of this place that you've seen.
                   A       B       C       D       E      F
               +-------+-------+-------+-------+-------+----------------------
         Total | 100.0 | 100.0 |   0.0 |   0.0 |  77.9 | 240.0
       Dungeon | 100.0 | 100.0 |   0.0 |   0.0 |  77.9 | 240.0
               +-------+-------+-------+-------+-------+----------------------

Table legend:
 A = Kills in this place as a percentage of kills in entire the game.
 B = Kills by you in this place as a percentage of kills by you in the entire game.
 C = Kills by friends in this place as a percentage of kills by friends in the entire game.
 D = Other kills in this place as a percentage of other kills in the entire game.
 E = Experience gained in this place as a percentage of experience gained in the entire game.
 F = Experience gained in this place divided by the number of levels of this place that you have seen.
                   A       B       C       D       E      F
               +-------+-------+-------+-------+-------+----------------------
         Total | 100.0 | 100.0 |   N/A |   N/A | 100.0 |   8.0
       Dungeon | 100.0 | 100.0 |   N/A |   N/A | 100.0 |   8.0
               +-------+-------+-------+-------+-------+----------------------
